TOP OF THE 1ST |
Vista Panthers batting - Pitching for Boston Rebels : LHP Luis Valentín
|
Pitching: LHP Luis Valentín
|
|
Batting: RHB Jesús Torres
|
0-0: Called Strike 0-1: Called Strike 0-2: Strikes out swinging
|
Batting: RHB Wilson López
|
0-0: Ball 1-0: Ground out 1-3 (Groundball, 13)
|
Batting: RHB Roberto Cruz
|
0-0: Foul Ball, location: 2F 0-1: Foul Ball, location: 2F 0-2: Ball 1-2: Foul Ball, location: 2F 1-2: Ball 2-2: SINGLE (Line Drive, 8LS)
|
Batting: LHB Pablo Rivas
|
0-0: Ball 1-0: Ball 2-0: Foul Ball, location: 2F 2-1: Fly out, F5 (Popup, 15S)
|
Top of the 1st over - 0 run(s), 1 hit(s), 0 error(s), 1 left on base; Vista 0 - Boston 0 |
BOTTOM OF THE 1ST |
Boston Rebels batting - Pitching for Vista Panthers : LHP José Zamora
|
Pitching: LHP José Zamora
|
|
Batting: LHB Bill Wilson
|
0-0: Ball 1-0: Foul Ball, location: 2F 1-1: Foul Ball, location: 2F 1-2: Ball 2-2: Ball 3-2: Base on Balls
|
Batting: SHB Álex Rosado
|
0-0: Ball 1-0: Foul Ball, location: 2F 1-1: Ball 2-1: Ball 3-1: Swinging Strike 3-2: Fly out, F9 (Flyball, 89S)
|
Batting: RHB Ronnie Brown
|
0-0: Called Strike 0-1: Ball 1-1: Foul Ball, location: 2F 1-2: Foul Ball, location: 2F 1-2: Foul Ball, location: 2F 1-2: Ball Throwing error on steal attempt, E2 Bill Wilson to third 2-2: Fly out, F9 (Flyball, 89S)
|
Batting: LHB Bill Wilson
|
0-0: Fly out, F7 (Line Drive, 7M)
|
Bottom of the 1st over - 0 run(s), 0 hit(s), 1 error(s), 1 left on base; Vista 0 - Boston 0 |
TOP OF THE 2ND |
Vista Panthers batting - Pitching for Boston Rebels : LHP Luis Valentín
|
Batting: SHB Juan Gómez
|
0-0: Ball 1-0: Ball 2-0: Ball 3-0: Called Strike 3-1: Base on Balls
|
Batting: LHB Harry Pitts
|
0-0: Foul Ball, location: 2F 0-1: Called Strike 0-2: Ball 1-2: Strikes out swinging
|
Batting: RHB John Mendelson
|
0-0: Called Strike 0-1: Fly out, F7 (Flyball, 78XD)
|
Batting: LHB Jesús González
|
0-0: Foul Ball, location: 2F 0-1: Ball 1-1: DOUBLE (Line Drive, 3) Juan Gómez to third
|
Batting: RHB Luis Castillo
|
0-0: Ball 1-0: Foul Ball, location: 2F 1-1: Ball 2-1: Ball 3-1: Called Strike 3-2: Foul Ball, location: 2F 3-2: Ground out 1-3 (Groundball, 15S)
|
Top of the 2nd over - 0 run(s), 1 hit(s), 0 error(s), 2 left on base; Vista 0 - Boston 0 |
BOTTOM OF THE 2ND |
Boston Rebels batting - Pitching for Vista Panthers : LHP José Zamora
|
Batting: RHB Wilson Gómez
|
0-0: Ball 1-0: Ball 2-0: Fly out, F9 (Flyball, 9LM)
|
Batting: LHB Lorenzo Flores
|
0-0: Ball 1-0: Ball 2-0: Ball 3-0: Called Strike 3-1: Ground out 4-3 (Groundball, 4M)
|
Batting: LHB Jeff Gordon
|
0-0: Ball 1-0: Ball 2-0: Ball 3-0: Called Strike 3-1: Base on Balls
|
Batting: RHB Rubén Matos
|
0-0: Ball 1-0: Swinging Strike 1-1: Foul Ball, location: 2F 1-2: Foul Ball, location: 2F 1-2: Fly out, F8 (Flyball, 8RM)
|
Bottom of the 2nd over - 0 run(s), 0 hit(s), 0 error(s), 1 left on base; Vista 0 - Boston 0 |
TOP OF THE 3RD |
Vista Panthers batting - Pitching for Boston Rebels : LHP Luis Valentín
|
Batting: RHB Jesús Torres
|
0-0: SOLO HOME RUN (Flyball, 7D), Distance : 400 ft
|
Batting: RHB Wilson López
|
0-0: Swinging Strike 0-1: Ball 1-1: Foul Ball, location: 2F 1-2: Ball 2-2: Ground out 6-3 (Groundball, 6)
|
Batting: RHB Roberto Cruz
|
0-0: Called Strike 0-1: Swinging Strike 0-2: Ball 1-2: Foul Ball, location: 2F 1-2: Foul Ball, location: 2F 1-2: SINGLE (Groundball, 6MD)
|
Batting: LHB Pablo Rivas
|
0-0: Ball 1-0: Foul Ball, location: 2F 1-1: Ball 2-1: Foul Ball, location: 2F 2-2: Strikes out swinging
|
Batting: SHB Juan Gómez
|
0-0: DOUBLE (Line Drive, 78M) Roberto Cruz to third Runner from 3rd tries for Home, SAFE, no throw or cutoff
|
Batting: LHB Harry Pitts
|
0-0: Ball 1-0: Foul Ball, location: 2F 1-1: Called Strike 1-2: Strikes out swinging
|
Top of the 3rd over - 2 run(s), 3 hit(s), 0 error(s), 1 left on base; Vista 2 - Boston 0 |
BOTTOM OF THE 3RD |
Boston Rebels batting - Pitching for Vista Panthers : LHP José Zamora
|
Batting: LHB Tony Ramírez
|
0-0: Ball 1-0: Foul Ball, location: 2F 1-1: Swinging Strike 1-2: Strikes out swinging
|
Batting: LHB Bill Wilson
|
0-0: Ball 1-0: Ball 2-0: Called Strike 2-1: Swinging Strike 2-2: Ball 3-2: Base on Balls
|
Batting: SHB Álex Rosado
|
0-0: Ball 1-0: Called Strike 1-1: Ball 2-1: Ball 3-1: Foul Ball, location: 2F 3-2: Strikes out looking
|
Batting: RHB Ronnie Brown
|
0-0: Ground out U3 (Groundball, 3S)
|
Bottom of the 3rd over - 0 run(s), 0 hit(s), 0 error(s), 1 left on base; Vista 2 - Boston 0 |
TOP OF THE 4TH |
Vista Panthers batting - Pitching for Boston Rebels : LHP Luis Valentín
|
Batting: RHB John Mendelson
|
0-0: Called Strike 0-1: Foul Ball, location: 2F 0-2: Ball 1-2: Strikes out swinging
|
Batting: LHB Jesús González
|
0-0: Ball 1-0: Ball 2-0: Called Strike 2-1: Swinging Strike 2-2: Strikes out swinging
|
Batting: RHB Luis Castillo
|
0-0: Ball 1-0: Ball 2-0: SINGLE (Groundball, 4MD)
|
Batting: RHB Jesús Torres
|
0-0: Foul Ball, location: 2F 0-1: Fly out, F6 (Line Drive, 6D)
|
Top of the 4th over - 0 run(s), 1 hit(s), 0 error(s), 1 left on base; Vista 2 - Boston 0 |
BOTTOM OF THE 4TH |
Boston Rebels batting - Pitching for Vista Panthers : LHP José Zamora
|
Batting: LHB Bill Wilson
|
0-0: Ground out 1-3 (Groundball, 13)
|
Batting: RHB Wilson Gómez
|
0-0: SINGLE (Line Drive, 6MD)
|
Batting: LHB Lorenzo Flores
|
0-0: Swinging Strike 0-1: Ball 1-1: Ball 2-1: Ball 3-1: DOUBLE (Line Drive, 9LS) Wilson Gómez to third
|
Batting: LHB Jeff Gordon
|
0-0: Ball 1-0: Called Strike 1-1: Ball 2-1: Foul Ball, location: 2F 2-2: Ground out 4-3 (Groundball, 4) Wilson Gómez scores Lorenzo Flores to third
|
Batting: RHB Rubén Matos
|
0-0: SINGLE (Groundball, 34S) Lorenzo Flores scores
|
Batting: LHB Tony Ramírez
|
0-0: Reached on error, E3 (Groundball, 3) Rubén Matos to second
|
Batting: LHB Bill Wilson
|
0-0: Called Strike 0-1: Ball 1-1: Ball 2-1: Foul Ball, location: 2F 2-2: Ball 3-2: DOUBLE (Line Drive, 7LM) Rubén Matos scores Tony Ramírez to third Tony Ramírez scores
|
Batting: SHB Álex Rosado
|
0-0: DOUBLE (Line Drive, 7D) Bill Wilson scores
|
Batting: RHB Ronnie Brown
|
0-0: Ball 1-0: Foul Ball, location: 2F 1-1: SINGLE (Groundball, 56D) Álex Rosado to third Runner from 3rd tries for Home, SAFE, no throw or cutoff
|
Batting: LHB Bill Wilson
|
0-0: Called Strike 0-1: Ball 1-1: Swinging Strike 1-2: Strikes out swinging
|
Bottom of the 4th over - 6 run(s), 6 hit(s), 1 error(s), 1 left on base; Vista 2 - Boston 6 |
TOP OF THE 5TH |
Vista Panthers batting - Pitching for Boston Rebels : LHP Luis Valentín
|
Batting: RHB Wilson López
|
0-0: Foul Ball, location: 2F 0-1: Ball 1-1: Swinging Strike 1-2: Ball 2-2: Ball 3-2: SINGLE (Line Drive, 34)
|
Batting: RHB Roberto Cruz
|
0-0: Called Strike 0-1: Called Strike 0-2: Strikes out looking
|
Batting: LHB Pablo Rivas
|
0-0: DOUBLE (Flyball, 8LXD) Wilson López to third Runner from 3rd tries for Home, SAFE, throw made home
|
Batting: SHB Juan Gómez
|
0-0: Swinging Strike 0-1: Ball 1-1: Ball 2-1: Ball 3-1: Base on Balls
|
Batting: LHB Harry Pitts
|
0-0: Ball 1-0: Foul Ball, location: 2F 1-1: Called Strike 1-2: Strikes out swinging
|
Batting: RHB John Mendelson
|
0-0: Foul Ball, location: 2F 0-1: Called Strike 0-2: Ball 1-2: 3-RUN HOME RUN (Line Drive, 7LD), Distance : 364 ft
|
Batting: LHB Jesús González
|
0-0: Foul Ball, location: 2F 0-1: Ball 1-1: Ball 2-1: Foul Ball, location: 2F 2-2: Ball 3-2: Foul Ball, location: 2F 3-2: SINGLE (Groundball, 34)
|
Batting: RHB Luis Castillo
|
0-0: Fielders Choice at 2nd, U6 (Groundball, 6M)
|
Top of the 5th over - 4 run(s), 4 hit(s), 0 error(s), 1 left on base; Vista 6 - Boston 6 |
BOTTOM OF THE 5TH |
Boston Rebels batting - Pitching for Vista Panthers : LHP José Zamora
|
Batting: RHB Wilson Gómez
|
0-0: Called Strike 0-1: Ground out 6-3 (Groundball, 6)
|
Batting: LHB Lorenzo Flores
|
0-0: Called Strike 0-1: TRIPLE (Flyball, 8LXD)
|
Batting: LHB Jeff Gordon
|
0-0: Swinging Strike 0-1: DOUBLE (Line Drive, 9LM) Lorenzo Flores scores
|
Pitching: LHP Jung-keun Yi
|
|
Batting: RHB Rubén Matos
|
0-0: Ball 1-0: Ball 2-0: Ball 3-0: Called Strike 3-1: Base on Balls
|
Batting: LHB Tony Ramírez
|
0-0: Foul Ball, location: 2F 0-1: SINGLE (Line Drive, 78S) Jeff Gordon to third Rubén Matos to second
|
Batting: LHB Bill Wilson
|
0-0: Swinging Strike 0-1: Foul Ball, location: 2F 0-2: Grounds into fielders choice 1-2 (Groundball, 15) Rubén Matos to third Tony Ramírez to second
|
Batting: SHB Álex Rosado
|
0-0: Called Strike 0-1: Ball 1-1: Foul Ball, location: 2F 1-2: Ball 2-2: Ball 3-2: Fly out, F7 (Flyball, 7LMF)
|
Bottom of the 5th over - 1 run(s), 3 hit(s), 0 error(s), 3 left on base; Vista 6 - Boston 7 |
TOP OF THE 6TH |
Vista Panthers batting - Pitching for Boston Rebels : LHP Luis Valentín
|
Pitching: RHP Lorenzo Vargas
|
|
Batting: RHB Jesús Torres
|
0-0: Called Strike 0-1: Fly out, F4 (Popup, 4)
|
Batting: RHB Wilson López
|
0-0: Called Strike 0-1: Ball 1-1: Foul Ball, location: 2F 1-2: Foul Ball, location: 2F 1-2: Foul Ball, location: 2F 1-2: Strikes out swinging
|
Batting: RHB Roberto Cruz
|
0-0: Swinging Strike 0-1: Ball 1-1: Ball 2-1: Called Strike 2-2: Strikes out looking
|
Top of the 6th over - 0 run(s), 0 hit(s), 0 error(s), 0 left on base; Vista 6 - Boston 7 |
BOTTOM OF THE 6TH |
Boston Rebels batting - Pitching for Vista Panthers : LHP Jung-keun Yi
|
Batting: RHB Ronnie Brown
|
0-0: Fly out, F9 (Flyball, 89M)
|
Batting: LHB Bill Wilson
|
0-0: Called Strike 0-1: Foul Ball, location: 2F 0-2: Fly out, F7 (Flyball, 7LS)
|
Batting: RHB Wilson Gómez
|
0-0: Ball 1-0: SINGLE (Line Drive, 8RS)
|
Batting: LHB Lorenzo Flores
|
0-0: Ball 1-0: Foul Ball, location: 2F 1-1: Foul Ball, location: 2F 1-2: Foul Ball, location: 2F 1-2: Strikes out swinging
|
Bottom of the 6th over - 0 run(s), 1 hit(s), 0 error(s), 1 left on base; Vista 6 - Boston 7 |
TOP OF THE 7TH |
Vista Panthers batting - Pitching for Boston Rebels : RHP Lorenzo Vargas
|
Pitching: LHP Yoshihiro Hasegawa
|
|
Batting: LHB Pablo Rivas
|
0-0: Ball 1-0: Called Strike 1-1: Foul Ball, location: 2F 1-2: Ball 2-2: Strikes out swinging
|
Batting: SHB Juan Gómez
|
0-0: Called Strike 0-1: Ball 1-1: Called Strike 1-2: Ball 2-2: Strikes out swinging
|
Pitching: RHP Alberto Bonilla
|
|
Batting: LHB Harry Pitts
|
0-0: Ball 1-0: Swinging Strike 1-1: Ball 2-1: Called Strike 2-2: SINGLE (Groundball, 6MD)
|
Batting: RHB John Mendelson
|
0-0: Ball 1-0: Foul Ball, location: 2F 1-1: Swinging Strike 1-2: SINGLE (Groundball, 56D) Harry Pitts to second
|
Batting: LHB Jesús González
|
0-0: Foul Ball, location: 2F 0-1: Foul Ball, location: 2F 0-2: Ball 1-2: Strikes out swinging
|
Top of the 7th over - 0 run(s), 2 hit(s), 0 error(s), 2 left on base; Vista 6 - Boston 7 |
BOTTOM OF THE 7TH |
Boston Rebels batting - Pitching for Vista Panthers : LHP Jung-keun Yi
|
Batting: LHB Jeff Gordon
|
0-0: Foul Ball, location: 2F 0-1: Ball 1-1: Fly out, F8 (Flyball, 8RM)
|
Pitching: RHP Juan Flores
|
|
Batting: RHB Rubén Matos
|
0-0: Called Strike 0-1: Fly out, F8 (Flyball, 78M)
|
Batting: LHB Tony Ramírez
|
0-0: Called Strike 0-1: Called Strike 0-2: Ball 1-2: Ground out 5-3 (Groundball, 5S)
|
Bottom of the 7th over - 0 run(s), 0 hit(s), 0 error(s), 0 left on base; Vista 6 - Boston 7 |
TOP OF THE 8TH |
Vista Panthers batting - Pitching for Boston Rebels : RHP Alberto Bonilla
|
Pitching: RHP Jorge Delgado
|
|
Batting: RHB Luis Castillo
|
0-0: Fly out, F8 (Flyball, 8RM)
|
Batting: RHB Jesús Torres
|
0-0: Called Strike 0-1: Called Strike 0-2: Ball 1-2: Foul Ball, location: 2F 1-2: Fly out, F4 (Popup, 4MD)
|
Batting: RHB Wilson López
|
0-0: Called Strike 0-1: Ball 1-1: Ball 2-1: Ground out 4-3 (Groundball, 4)
|
Top of the 8th over - 0 run(s), 0 hit(s), 0 error(s), 0 left on base; Vista 6 - Boston 7 |
BOTTOM OF THE 8TH |
Boston Rebels batting - Pitching for Vista Panthers : RHP Juan Flores
|
Batting: LHB Bill Wilson
|
0-0: Called Strike 0-1: Ball 1-1: Ground out U3 (Groundball, 3)
|
Batting: SHB Álex Rosado
|
0-0: Called Strike 0-1: SINGLE (Groundball, 4M)
|
Batting: RHB Ronnie Brown
|
0-0: Ball 1-0: SINGLE (Groundball, 6MD) Álex Rosado to second
|
Batting: LHB Bill Wilson
|
0-0: Ball 1-0: Swinging Strike 1-1: Foul Ball, location: 2F 1-2: Fly out, F7 (Flyball, 78D)
|
Pinch Hitting: LHB Stanley Mullins
|
0-0: Called Strike 0-1: Foul Ball, location: 2F 0-2: Ball 1-2: Ball 2-2: Strikes out looking
|
Bottom of the 8th over - 0 run(s), 2 hit(s), 0 error(s), 2 left on base; Vista 6 - Boston 7 |
TOP OF THE 9TH |
Vista Panthers batting - Pitching for Boston Rebels : RHP Jorge Delgado
|
Pitching: RHP Takafumi Ogusuku
|
|
Now at 2B: Ju-wei Shiu
|
|
Pinch Hitting: LHB Patrick Osborne
|
0-0: Ball 1-0: Ball 2-0: Called Strike 2-1: Fly out, F7 (Line Drive, 7M)
|
Batting: LHB Pablo Rivas
|
0-0: Fly out, F5 (Popup, 5F)
|
Batting: SHB Juan Gómez
|
0-0: Ball 1-0: Called Strike 1-1: Called Strike 1-2: Foul Ball, location: 2F 1-2: Strikes out looking
|
Top of the 9th over - 0 run(s), 0 hit(s), 0 error(s), 0 left on base; Vista 6 - Boston 7 |
|